 Dungeon Crawl Stone Soup version 0.17-a0-913-g36eb389 (webtiles) character file.

7 drasked the Chiller (level 1, 0/10 HPs)
             Began as a Deep Elf Ice Elementalist on May 3, 2015.
             Succumbed to a kobold's poison
             ... on level 1 of the Dungeon.
             The game lasted 00:00:59 (271 turns).

drasked the Chiller (Deep Elf Ice Elementalist)      Turns: 271, Time: 00:01:00

Health: 0/10       AC:  2    Str:  5    XL:     1   Next: 83%
Magic:  3/6        EV: 13    Int: 19    God:
Gold:   30         SH:  0    Dex: 15    Spells: 1 memorised, 5 levels left

rFire  . . .     SeeInvis .     (no weapon)
rCold  . . .     Clarity  .     a - +0 robe
rNeg   . . .     SustAb   .     (no shield)
rPois  .         Gourm    .     (no helmet)
rElec  .         Spirit   .     (no cloak)
rCorr  .         Warding  .     (no gloves)
rMut   .         Stasis   .     (no boots)
MR     .....                    (no amulet)
Stlth  ++........               (no ring)
                                (no ring)

@: lethally poisoned (0 -> -7), not resistant to hostile enchantments,
unstealthy
A: no striking features
a: no special abilities


You were on level 1 of the Dungeon.
You were not hungry.

You visited 1 branch of the dungeon, and saw 1 of its levels.

You collected 30 gold pieces.

Inventory:

Hand weapons
 e - a +0 dagger
   (You took it off a goblin on level 1 of the Dungeon)
 g - a +0 short sword
   (You found it on level 1 of the Dungeon)
 h - a +0 dagger
   (You found it on level 1 of the Dungeon)
Armour
 a - a +0 robe (worn)
Scrolls
 d - a scroll of immolation {unknown}
 f - a scroll of remove curse {unknown}
Books
 b - a book of Frost
Comestibles
 c - a bread ration {@e1}


   Skills:
 - Level 2.4 Dodging
 - Level 2.4 Stealth
 + Level 3.4 Spellcasting
   Level 1.1 Conjurations
 + Level 3.5 Ice Magic


You had 5 spell levels left.
You knew the following spells:

 Your Spells              Type           Power        Failure   Level  Hunger
a - Freeze                Ice            ###.         4%          1    None


Dungeon Overview and Level Annotations

Branches:
Dungeon (1/15)

Altars:


Message History

You can't see any susceptible monsters within range! (Use Z to cast anyway.)
You can't see any susceptible monsters within range! (Use Z to cast anyway.)
Aim: a giant cockroach (clinging, resting)
You freeze the giant cockroach.
You kill the giant cockroach!
You now have 5/6 mp.
A bat comes into view.
A bat is nearby!
A bat is nearby!
A giant newt comes into view.
The bat hits you.
You take 1 damage, and have 9/10 hp.
The bat misses you.
MP restored: 6 The bat barely misses you.
Aim: a bat You freeze the bat.
The bat barely misses you.
You now have 5/6 mp.
Aim: a bat (heavily wounded)
You freeze the bat.
You kill the bat!
You now have 4/6 mp.
You see here a bat corpse.
Aim: a giant newt (resting)
You freeze the giant newt.
You kill the giant newt!
You now have 3/6 mp.
You now have 16 gold pieces (gained 5).
You now have 18 gold pieces (gained 2).
You now have 30 gold pieces (gained 12).
A kobold comes into view.
Health restored: 10; MP restored: 6 A kobold is nearby!
A kobold is nearby!
A kobold is nearby!
A goblin comes into view. It is wielding a dagger.
The goblin shouts!
The kobold shouts!
The kobold throws a stone.
The stone misses you.
You see here a stone.
The goblin hits you with a dagger.
You take 4 damage, and have 6/10 hp.
MASSIVE DAMAGE!!
Aim: a goblin, wielding a dagger You freeze the goblin.
You kill the goblin!
You now have 5/6 mp.
You are too injured to fight recklessly!
Unknown command.
You are too injured to fight recklessly!
Unknown command.
Aim: a kobold You freeze the kobold.
You kill the kobold!
You now have 4/6 mp.
You start resting.
e - a dagger Health restored: 10; MP restored: 6
f - a scroll labeled MOSKAXTIR A rat comes into view.
The rat barely misses you.
Aim: a rat You freeze the rat.
You kill the rat!
You now have 5/6 mp.
You see here a rat corpse.
g - a short sword
h - a dagger You see here a rat corpse.
A kobold comes into view. It is wielding a short sword of venom.
The kobold picks up some gold.
MP restored: 6 A kobold is nearby!
No target in view!
Aim: a kobold, wielding a short sword of venom (hasn't noticed you)
You freeze the kobold.
The kobold shouts!
The kobold hits you with a short sword of venom.
Ouch! That really hurt!
You are lethally poisoned!
You take 6 damage, and have 4/10 hp.
MASSIVE DAMAGE!!
You now have 5/6 mp.
Aim: a kobold, wielding a short sword of venom (moderately wounded)
You freeze the kobold.
* * * LOW HITPOINT WARNING * * *
You feel sick. The kobold barely misses you.
You take 1 damage, and have 3/10 hp.
You now have 4/6 mp.
Aim: a kobold, wielding a short sword of venom (severely wounded)
You freeze the kobold.
You kill the kobold!
* * * LOW HITPOINT WARNING * * *
You feel sick.
You take 1 damage, and have 2/10 hp.
You now have 3/6 mp.
You aren't carrying any potions.
Things that are here:
a short sword of venom; a stone; 4 gold pieces
* * * LOW HITPOINT WARNING * * *
You feel sick.
You take 1 damage, and have 1/10 hp.
You die...

#......
.....#.#.# . ..
#..## ###..
#.#.# #....
#.... #.#.#
##### #.#.# #
#.#.# ####
#@#.# # #...
#.#.##.# #...
#......# #...
###.#### #...
#..# #... ##.#
#...
#.##########...
#.......#(.....
#..####.#.#####


There were no monsters in sight!

Vanquished Creatures
  A bat (D:1)
  A giant cockroach (D:1)
  A giant newt (D:1)
  A goblin (D:1)
  2 kobolds (D:1)
  A rat (D:1)
7 creatures vanquished.

Notes
Turn   | Place    | Note
--------------------------------------------------------------
     0 | D:1      | drasked, the Deep Elf Ice Elementalist, began the quest for the Orb.
     0 | D:1      | Reached XP level 1. HP: 10/10 MP: 6/6
   267 | D:1      | HP: 2/10 [poisoned by a kobold]
   271 | D:1      | Succumbed to a kobold's poison

Action                   || total
-------------------------++-------
 Cast: Freeze            ||    10

Vault maps used:
D:1:      lightli_arrival_maybe_door_vault

Table legend:
 A = Turns spent in this place as a percentage of turns spent in the entire game.
 B = Non-inter-level travel turns spent in this place as a percentage of non-inter-level travel turns spent in the entire game.
 C = Inter-level travel turns spent in this place as a percentage of turns spent in this place.
 D = Turns resting spent in this place as a percentage of non-inter-level travel turns spent in this place.
 E = Turns spent auto-exploring this place as a percentage of non-inter-level travel turns spent in this place.
 F = Non-inter-level travel turns spent in this place divided by the number of levels of this place that you've seen.
                   A       B       C       D       E      F
               +-------+-------+-------+-------+-------+----------------------
         Total | 100.0 | 100.0 |   0.0 |   2.4 |   9.6 |  83.0
       Dungeon | 100.0 | 100.0 |   0.0 |   2.4 |   9.6 |  83.0
               +-------+-------+-------+-------+-------+----------------------

Table legend:
 A = Kills in this place as a percentage of kills in entire the game.
 B = Kills by you in this place as a percentage of kills by you in the entire game.
 C = Kills by friends in this place as a percentage of kills by friends in the entire game.
 D = Other kills in this place as a percentage of other kills in the entire game.
 E = Experience gained in this place as a percentage of experience gained in the entire game.
 F = Experience gained in this place divided by the number of levels of this place that you have seen.
                   A       B       C       D       E      F
               +-------+-------+-------+-------+-------+----------------------
         Total | 100.0 | 100.0 |  -nan |  -nan | 100.0 |  10.0
       Dungeon | 100.0 | 100.0 |  -nan |  -nan | 100.0 |  10.0
               +-------+-------+-------+-------+-------+----------------------
